AoeStats
← a.l.a.n.t

Arena

505423339Analyzed
4v4 RM · 23d ago on Sep 9, 2026· 43m 57s· 8 players
Game mode
Random Map
Map size
Large (8 player)
Population
200
Speed
Normal
Resources
Standard
Victory
Conquest
Starting age
Dark Age
Ending age
Imperial Age
RankedLock teamsTeams togetherTeam positionsShared explorationLock speedFull tech treeHidden civsTurbo modeCheats
Victory
Defeat
🇩🇪 Inca · Germany
1394
+12
🇩🇪 Celts · Germany
1360
+14
🇬🇧 Tupi · United Kingdom
1330
+15
🇩🇪 Ethiopians · Germany
1302
+15
🇨🇳 Bohemians · China
1328
-15
🇯🇵 Portuguese · Japan
1310
-14
🇨🇳 Aztecs · China
1293
-14
🇹🇼 Khmer · Taiwan
1287
-13
托尼
10:53 Feudal Age
14:19 Castle Age
12:20 Double-Bit Axe
12:32 Horse Collar
15:27 Bow Saw
16:42 Loom
23:01 Stone Mining
23:11 Gold Mining
25:24 Wheelbarrow
29:05 Imperial Age
28:39 Gold Shaft Mining
28:39 Stone Shaft Mining
28:47 Forging
28:42 Scale Barding Armor
29:41 Bloodlines
29:32 Husbandry
30:20 Iron Casting
29:50 Scale Barding Armor
32:19 Hand Cart
32:25 Light Cavalry
Nekomi
10:48 Feudal Age
14:42 Castle Age
12:32 Double-Bit Axe
12:45 Horse Collar
17:43 Wheelbarrow
19:24 Bow Saw
22:27 Loom
23:04 Gold Mining
28:52 Imperial Age
27:25 Hand Cart
26:56 Town Watch
27:25 Heavy Plow
27:17 Stone Mining
28:54 Fletching
30:46 Chemistry
31:21 Two-Man Saw
32:33 Elite Organ Gun
34:04 Conscription
39:12 Bodkin Arrow
40:13 Scale Barding Armor
40:19 Forging
40:09 Bracer
eee
10:13 Feudal Age
11:27 Loom
14:31 Castle Age
12:56 Horse Collar
13:30 Double-Bit Axe
16:19 Bow Saw
18:58 Stone Mining
23:31 Heavy Plow
24:05 Gold Mining
25:25 Wheelbarrow
24:37 Town Watch
29:39 Imperial Age
27:34 Forging
27:52 Scale Mail Armor
27:54 Treadmill Crane
28:25 Squires
28:12 Gambesons
29:27 Iron Casting
29:09 Chain Mail Armor
31:24 Plate Mail Armor
32:21 Blast Furnace
33:48 Arson
33:33 Eagle Warrior
35:02 Conscription
35:02 Elite Eagle Warrior
36:19 Elite Jaguar Warrior
熙玄大帝
10:11 Feudal Age
10:21 Loom
15:39 Castle Age
14:03 Double-Bit Axe
16:33 Wheelbarrow
21:12 Horse Collar
22:41 Heavy Plow
24:04 Hand Cart
24:41 Fletching
28:59 Imperial Age
28:34 Wagenburg Tactics
30:51 Chemistry
31:19 Ballistics
31:17 Bow Saw
31:33 Houfnice
35:52 Conscription
34:53 Elite Hussite Wagon
37:23 Forging
37:19 Scale Barding Armor
38:24 Light Cavalry
39:05 Husbandry
39:43 Iron Casting
39:29 Chain Barding Armor
42:06 Blast Furnace
Lil Jon
10:58 Feudal Age
10:42 Loom
12:10 Double-Bit Axe
15:44 Castle Age
13:52 Stone Mining
13:47 Horse Collar
14:44 Gold Mining
15:55 Fletching
17:39 Scale Mail Armor
28:38 Imperial Age
27:36 Bow Saw
31:30 Wheelbarrow
33:57 Chain Mail Armor
33:52 Forging
33:47 Champi Runner
34:59 Town Watch
35:28 Forging
36:04 Squires
36:32 Hand Cart
36:06 Champi Warrior
37:37 Heavy Plow
39:03 Plate Mail Armor
40:04 Iron Casting
39:26 Arson
39:33 Elite Champi Warrior
41:02 Gold Shaft Mining
40:47 Bodkin Arrow
40:54 Padded Archer Armor
41:45 Bracer
42:41 Leather Archer Armor
43:52 Chemistry
43:15 Ballistics
43:39 Conscription
43:21 Fabric Shields
43:25 Andean Sling
43:54 Thumb Ring
a.l.a.n.t
11:54 Feudal Age
13:06 Horse Collar
15:30 Castle Age
13:43 Double-Bit Axe
17:14 Bow Saw
18:30 Town Watch
23:43 Wheelbarrow
25:36 Stone Mining
25:41 Gold Mining
29:50 Imperial Age
27:24 Fletching
28:06 Padded Archer Armor
28:35 Ballistics
28:19 Bodkin Arrow
29:14 Squires
28:35 Champi Runner
29:33 Leather Archer Armor
31:31 Chemistry
30:18 Loom
29:59 Elite Blackwood Archer
31:09 Conscription
30:56 Bracer
31:31 Ring Archer Armor
31:02 Scale Mail Armor
31:15 Forging
30:30 Champi Warrior
31:30 Capped Ram
31:33 Elite Champi Warrior
33:21 Chain Mail Armor
34:33 Iron Casting
34:05 Onager
41:57 Pikeman
42:25 Arson
green
8:06 Loom
10:29 Feudal Age
15:14 Castle Age
13:33 Double-Bit Axe
13:30 Horse Collar
17:09 Gold Mining
25:15 Imperial Age
23:59 Bow Saw
25:11 Heavy Plow
25:23 Forging
25:49 Scale Mail Armor
26:58 Iron Casting
37:14 Fletching
37:24 Padded Archer Armor
38:40 Ballistics
38:07 Crossbowman
39:18 Bodkin Arrow
39:18 Arbalester
40:06 Thumb Ring
41:10 Chemistry
40:49 Bracer
41:31 Wheelbarrow
40:42 Town Watch
41:51 Leather Archer Armor
Failiiix
10:30 Feudal Age
15:13 Castle Age
13:50 Double-Bit Axe
13:52 Horse Collar
15:09 Town Watch
16:13 Loom
17:17 Bow Saw
17:10 Heavy Plow
27:49 Imperial Age
25:20 Man-at-Arms
25:46 Gambesons
26:12 Scale Mail Armor
25:57 Pikeman
26:55 Gold Mining
26:55 Stone Mining
27:13 Town Watch
28:21 Wheelbarrow
28:24 Forging
27:56 Long Swordsman
29:10 Chain Mail Armor
28:41 Two-Handed Swordsman
31:24 Conscription
32:07 Hand Cart
32:28 Gold Shaft Mining
32:29 Stone Shaft Mining
33:48 Plate Mail Armor
33:53 Iron Casting
34:22 Iron Casting
33:17 Champion
34:21 Capped Ram
34:55 Halberdier
37:04 Blast Furnace
36:50 Fletching
37:00 Stronghold
38:23 Arson
40:18 Town Patrol
40:15 Bodkin Arrow
43:32 Furor Celtica
44:13 Padded Archer Armor
Connection lost

Rejoining the realm…

Still unreachable

The connection could not be restored.

Session expired

The server has moved on; the page needs a fresh start.